| TOP OF THE 1ST |
|
Minnesota Twins batting - Pitching for Oakland Athletics : LHP Trevor Faugno
|
|
Pitching: LHP Trevor Faugno
|
|
|
Batting: RHB Lee Lacy
|
0-0: Called Strike 0-1: SINGLE (Line Drive, 8LM, EV 91.3 MPH)
|
|
Batting: RHB Steve Brye
|
0-0: Called Strike Lee Lacy steals 2nd base 0-1: Ball 1-1: SINGLE (Groundball, 56D, EV 111.3 MPH) Lee Lacy to third Runner from 3rd tries for Home, SAFE, throw by LF to home
|
|
Batting: RHB Tom Brown
|
0-0: Fly out, F8 (Flyball, 8LXD, EV 104.4 MPH)
|
|
Batting: RHB Chet Lemon
|
0-0: Swinging Strike 0-1: Grounds into double play, 4-6-3 (Groundball, 4, EV 80.6 MPH)
|
| Top of the 1st over - 1 run, 2 hits, 0 errors, 0 left on base; Minnesota 1 - Oakland 0 |
| BOTTOM OF THE 1ST |
|
Oakland Athletics batting - Pitching for Minnesota Twins : RHP Marcos Ortega
|
|
Pitching: RHP Marcos Ortega
|
|
|
Batting: RHB Willie Randolph
|
0-0: Ground out 3-1 (Groundball, 34, EV 78.8 MPH)
|
|
Batting: LHB Ruppert Jones
|
0-0: Ball 1-0: Ball 2-0: Foul Ball, location: 2F 2-1: Called Strike 2-2: Ground out 6-3 (Groundball, 6, EV 85.0 MPH)
|
|
Batting: LHB Ben Oglivie
|
0-0: Called Strike 0-1: Swinging Strike 0-2: Strikes out swinging
|
| Bottom of the 1st over - 0 runs, 0 hits, 0 errors, 0 left on base; Minnesota 1 - Oakland 0 |
| TOP OF THE 2ND |
|
Minnesota Twins batting - Pitching for Oakland Athletics : LHP Trevor Faugno
|
|
Batting: LHB Lloyd Moseby
|
0-0: Ball 1-0: Called Strike 1-1: Ball 2-1: Fly out, F7 (Line Drive, 7, EV 96.3 MPH)
|
|
Batting: RHB George Foster
|
0-0: Called Strike 0-1: SINGLE (Flyball, 89S, EV 87.5 MPH)
|
|
Batting: RHB Brook Jacoby
|
0-0: Ball 1-0: Ball 2-0: Called Strike 2-1: Fly out, F8 (Line Drive, 8RD, EV 107.5 MPH)
|
|
Batting: LHB Ken Oberkfell
|
0-0: Ball 1-0: SINGLE (Groundball, 4MD, EV 96.3 MPH) George Foster to second Runner from 2nd tries for 3rd, OUT! 8-5
|
| Top of the 2nd over - 0 runs, 2 hits, 0 errors, 1 left on base; Minnesota 1 - Oakland 0 |
| BOTTOM OF THE 2ND |
|
Oakland Athletics batting - Pitching for Minnesota Twins : RHP Marcos Ortega
|
|
Batting: RHB George Hendrick
|
0-0: Called Strike 0-1: Ball 1-1: Ball 2-1: Foul Ball, location: 2F 2-2: Ground out 6-3 (Groundball, 6D, EV 91.9 MPH)
|
|
Batting: LHB Reggie Jackson
|
0-0: Fly out, F8 (Flyball, 8LD, EV 85.6 MPH)
|
|
Batting: RHB Willie Darkis
|
0-0: Called Strike 0-1: Ball 1-1: Foul Ball, location: 2F 1-2: Ball 2-2: Strikes out swinging
|
| Bottom of the 2nd over - 0 runs, 0 hits, 0 errors, 0 left on base; Minnesota 1 - Oakland 0 |
| TOP OF THE 3RD |
|
Minnesota Twins batting - Pitching for Oakland Athletics : LHP Trevor Faugno
|
|
Batting: LHB Eloy Escobedo
|
0-0: Called Strike 0-1: Fly out, F7 (Flyball, 7D, EV 90.6 MPH)
|
|
Batting: RHB Lee Lacy
|
0-0: Ball 1-0: Ground out 5-3 (Groundball, 56, EV 85.0 MPH)
|
|
Batting: RHB Steve Brye
|
0-0: Ball 1-0: Ball 2-0: Foul Ball, location: 2F 2-1: SINGLE (Groundball, 4MD, EV 96.9 MPH)
|
|
Batting: RHB Tom Brown
|
0-0: SINGLE (Groundball, 5D, EV 95.0 MPH) Steve Brye to second
|
|
Batting: RHB Chet Lemon
|
0-0: Ball 1-0: Ball 2-0: Foul Ball, location: 2F 2-1: SINGLE (Line Drive, 89S, EV 100.0 MPH) Steve Brye to third Tom Brown to second Runner from 3rd tries for Home, SAFE, throw by RF to home
|
|
Batting: LHB Lloyd Moseby
|
0-0: Ball 1-0: Called Strike 1-1: Called Strike 1-2: Fielders Choice at 2nd, 5-4 (Groundball, 56, EV 85.6 MPH)
|
| Top of the 3rd over - 1 run, 3 hits, 0 errors, 2 left on base; Minnesota 2 - Oakland 0 |
| BOTTOM OF THE 3RD |
|
Oakland Athletics batting - Pitching for Minnesota Twins : RHP Marcos Ortega
|
|
Batting: RHB Toby Harrah
|
0-0: Called Strike 0-1: Ground out 2-3 (Groundball, 15S, EV 68.1 MPH)
|
|
Batting: RHB Earl C Williams
|
0-0: Ball 1-0: Fly out, F3 (Flyball, 3D, EV 76.9 MPH)
|
|
Batting: RHB Fred Andrews
|
0-0: Ball 1-0: Called Strike 1-1: Foul Ball, location: 2F 1-2: Strikes out swinging, 2-3 out at first.
|
| Bottom of the 3rd over - 0 runs, 0 hits, 0 errors, 0 left on base; Minnesota 2 - Oakland 0 |
| TOP OF THE 4TH |
|
Minnesota Twins batting - Pitching for Oakland Athletics : LHP Trevor Faugno
|
|
Batting: RHB George Foster
|
0-0: Ball 1-0: Swinging Strike 1-1: Ground out 6-3 (Groundball, 6, EV 102.5 MPH)
|
|
Batting: RHB Brook Jacoby
|
0-0: Called Strike 0-1: Ball 1-1: Ball 2-1: Foul Ball, location: 2F 2-2: Foul Ball, location: 2F 2-2: Foul Ball, location: 2F 2-2: Ball 3-2: Base on Balls
|
|
Batting: LHB Ken Oberkfell
|
0-0: Foul Ball, location: 2F 0-1: Fielders Choice at 2nd, 4-6 (Groundball, 4M, EV 83.8 MPH)
|
|
Batting: LHB Eloy Escobedo
|
0-0: Ball 1-0: Foul Ball, location: 2F 1-1: Ball 2-1: Ball 3-1: Base on Balls Ken Oberkfell to second
|
|
Batting: RHB Lee Lacy
|
0-0: Swinging Strike 0-1: Hit by Pitch Ken Oberkfell to third Eloy Escobedo to second
|
|
Batting: RHB Steve Brye
|
0-0: Ball 1-0: Ball 2-0: Ball 3-0: Base on Balls Ken Oberkfell scores Eloy Escobedo to third Lee Lacy to second
|
|
Batting: RHB Tom Brown
|
0-0: Ball 1-0: Ground out 6-3 (Groundball, P, EV 93.1 MPH)
|
| Top of the 4th over - 1 run, 0 hits, 0 errors, 3 left on base; Minnesota 3 - Oakland 0 |
| BOTTOM OF THE 4TH |
|
Oakland Athletics batting - Pitching for Minnesota Twins : RHP Marcos Ortega
|
|
Batting: RHB Willie Randolph
|
0-0: Ball 1-0: Called Strike 1-1: Foul Ball, location: 2F 1-2: Ball 2-2: Ground out 5-3 (Groundball, 5, EV 103.1 MPH)
|
|
Batting: LHB Ruppert Jones
|
0-0: Foul Ball, location: 2F 0-1: Foul Ball, location: 2F 0-2: Ball 1-2: Foul Ball, location: 2F 1-2: Ball 2-2: DOUBLE (Groundball, 5L, EV 94.4 MPH)
|
|
Batting: LHB Ben Oglivie
|
0-0: Ball 1-0: Called Strike 1-1: Called Strike 1-2: Ball 2-2: Foul Ball, location: 2F 2-2: Fly out, F7 (Flyball, 7S, EV 90.0 MPH)
|
|
Batting: RHB George Hendrick
|
0-0: Foul Ball, location: 2F 0-1: Fly out, F7 (Line Drive, 7, EV 90.6 MPH)
|
| Bottom of the 4th over - 0 runs, 1 hit, 0 errors, 1 left on base; Minnesota 3 - Oakland 0 |
| TOP OF THE 5TH |
|
Minnesota Twins batting - Pitching for Oakland Athletics : LHP Trevor Faugno
|
|
Batting: RHB Chet Lemon
|
0-0: Ball 1-0: Ball 2-0: Called Strike 2-1: Fly out, F8 (Line Drive, 8LD, EV 110.0 MPH)
|
|
Batting: LHB Lloyd Moseby
|
0-0: Called Strike 0-1: Ball 1-1: Foul Ball, location: 2F 1-2: Foul Ball, location: 2F 1-2: Foul Ball, location: 2F 1-2: Foul Ball, location: 2F 1-2: Foul Ball, location: 2F 1-2: Ball 2-2: Ball 3-2: TRIPLE (Flyball, 89XD, EV 91.9 MPH)
|
|
Batting: RHB George Foster
|
0-0: Ball 1-0: Ball 2-0: Ball 3-0: Base on Balls
|
|
Batting: RHB Brook Jacoby
|
0-0: Ball 1-0: Foul Ball, location: 2F 1-1: Fly out, F9 (Line Drive, 9D, EV 93.1 MPH) Runner from 3rd tags up, SCORES, no throw by RF
|
|
Batting: LHB Ken Oberkfell
|
0-0: Called Strike 0-1: Ball 1-1: Ball 2-1: Called Strike 2-2: Ball 3-2: Foul Ball, location: 2F 3-2: Foul Ball, location: 2F 3-2: Foul Ball, location: 2F 3-2: Fly out, F8 (Line Drive, 8LM, EV 99.4 MPH)
|
| Top of the 5th over - 1 run, 1 hit, 0 errors, 1 left on base; Minnesota 4 - Oakland 0 |
| BOTTOM OF THE 5TH |
|
Oakland Athletics batting - Pitching for Minnesota Twins : RHP Marcos Ortega
|
|
Batting: LHB Reggie Jackson
|
0-0: Called Strike 0-1: Ball 1-1: Ball 2-1: SINGLE (Line Drive, 56D, EV 97.5 MPH)
|
|
Batting: RHB Willie Darkis
|
0-0: Ball 1-0: Foul Ball, location: 2F 1-1: Called Strike 1-2: Ball 2-2: Ball 3-2: SINGLE (Flyball, 3D, EV 88.8 MPH) Reggie Jackson to second Runner from 2nd tries for 3rd, SAFE, throw by RF made to third
|
|
Now in RF: Jerry Mumphrey
|
|
|
Batting: RHB Toby Harrah
|
0-0: Ball 1-0: Foul Ball, location: 2F 1-1: Called Strike 1-2: Strikes out swinging
|
|
Batting: RHB Earl C Williams
|
0-0: Ball 1-0: Called Strike 1-1: Foul Ball, location: 2F 1-2: Ball 2-2: SINGLE (Line Drive, 34, EV 97.5 MPH) Reggie Jackson scores Willie Darkis to second Runner from 2nd tries for 3rd, SAFE, no throw by RF
|
|
Batting: RHB Fred Andrews
|
0-0: Fly out, F7 (Flyball, 7S, EV 93.1 MPH)
|
|
Batting: RHB Willie Randolph
|
0-0: Swinging Strike 0-1: Ball 1-1: DOUBLE (Line Drive, 3D, EV 96.9 MPH) Willie Darkis scores Earl C Williams to third Runner from 3rd tries for Home, SAFE, throw by RF to home
|
|
Batting: LHB Ruppert Jones
|
0-0: Called Strike 0-1: Swinging Strike 0-2: Ball 1-2: Foul Ball, location: 2F 1-2: Ball 2-2: Ground out 4-3 (Groundball, 4, EV 88.8 MPH)
|
| Bottom of the 5th over - 3 runs, 4 hits, 0 errors, 1 left on base; Minnesota 4 - Oakland 3 |
| TOP OF THE 6TH |
|
Minnesota Twins batting - Pitching for Oakland Athletics : LHP Trevor Faugno
|
|
Batting: LHB Eloy Escobedo
|
0-0: Called Strike 0-1: Swinging Strike 0-2: Ball 1-2: Ball 2-2: SINGLE (Line Drive, 89S, EV 104.4 MPH)
|
|
Batting: RHB Lee Lacy
|
0-0: Foul Ball, location: 2F 0-1: Foul Ball, location: 2F 0-2: Ball 1-2: Ball 2-2: SINGLE (Line Drive, 78S, EV 91.3 MPH) Eloy Escobedo to second
|
|
Batting: RHB Steve Brye
|
0-0: Ball Passed Ball! Eloy Escobedo to third Lee Lacy to second 1-0: Called Strike 1-1: Called Strike 1-2: Ball 2-2: Ball 3-2: Foul Ball, location: 2F 3-2: Base on Balls
|
|
Batting: RHB Tom Brown
|
0-0: Called Strike 0-1: Ball 1-1: SINGLE (Line Drive, 4MD, EV 102.5 MPH) Eloy Escobedo scores Lee Lacy to third Steve Brye to second Runner from 3rd tries for Home, SAFE, throw by CF to home
|
|
Pitching: LHP Bob Knepper
|
|
|
Batting: RHB Chet Lemon
|
0-0: Ball 1-0: Swinging Strike 1-1: Ball 2-1: Ball 3-1: Foul Ball, location: 2F 3-2: Strikes out swinging
|
|
Batting: LHB Lloyd Moseby
|
0-0: Ball 1-0: Ball 2-0: Ball 3-0: Called Strike 3-1: Base on Balls Steve Brye to third Tom Brown to second
|
|
Batting: SHB Jerry Mumphrey
|
0-0: Called Strike 0-1: SINGLE (Line Drive, 8RS, EV 88.1 MPH) Steve Brye scores Tom Brown to third Lloyd Moseby to second Runner from 3rd tries for Home, SAFE, throw by CF to home
|
|
Batting: RHB Brook Jacoby
|
0-0: Called Strike Lloyd Moseby is caught stealing 3rd base 2-5 Jerry Mumphrey to second 0-1: Ground out U3 (Groundball, 34S, EV 86.9 MPH)
|
| Top of the 6th over - 4 runs, 4 hits, 0 errors, 1 left on base; Minnesota 8 - Oakland 3 |
| BOTTOM OF THE 6TH |
|
Oakland Athletics batting - Pitching for Minnesota Twins : RHP Marcos Ortega
|
|
Batting: LHB Ben Oglivie
|
0-0: Fly out, F7 (Flyball, 7S, EV 90.0 MPH)
|
|
Batting: RHB George Hendrick
|
0-0: Called Strike 0-1: Called Strike 0-2: Ball 1-2: Ground out 6-3 (Groundball, 6, EV 91.9 MPH)
|
|
Batting: LHB Reggie Jackson
|
0-0: Ball 1-0: Ground out 6-3 (Groundball, 4MD, EV 80.6 MPH)
|
| Bottom of the 6th over - 0 runs, 0 hits, 0 errors, 0 left on base; Minnesota 8 - Oakland 3 |
| TOP OF THE 7TH |
|
Minnesota Twins batting - Pitching for Oakland Athletics : LHP Bob Knepper
|
|
Batting: LHB Ken Oberkfell
|
0-0: Ball 1-0: Fly out, F8 (Flyball, 8RM, EV 91.9 MPH)
|
|
Batting: LHB Eloy Escobedo
|
0-0: Ball 1-0: Ball 2-0: Ball 3-0: Base on Balls
|
|
Batting: RHB Lee Lacy
|
0-0: Foul Ball, location: 2F 0-1: Called Strike 0-2: Ball 1-2: Foul Ball, location: 2F 1-2: Ball Eloy Escobedo steals 2nd base 2-2: Foul Ball, location: 2F 2-2: Strikes out swinging
|
|
Batting: RHB Steve Brye
|
0-0: Ball 1-0: Ball 2-0: Ball 3-0: Called Strike 3-1: Base on Balls
|
|
Batting: RHB Tom Brown
|
0-0: Ball 1-0: Called Strike 1-1: Ground out 6-3 (Groundball, 6S, EV 77.5 MPH)
|
| Top of the 7th over - 0 runs, 0 hits, 0 errors, 2 left on base; Minnesota 8 - Oakland 3 |
| BOTTOM OF THE 7TH |
|
Oakland Athletics batting - Pitching for Minnesota Twins : RHP Marcos Ortega
|
|
Batting: RHB Willie Darkis
|
0-0: Ball 1-0: Called Strike 1-1: Ball 2-1: Ball 3-1: Swinging Strike 3-2: Strikes out swinging
|
|
Batting: RHB Toby Harrah
|
0-0: Called Strike 0-1: Called Strike 0-2: Ball 1-2: Strikes out swinging
|
|
Batting: RHB Earl C Williams
|
0-0: Ball 1-0: Foul Ball, location: 2F 1-1: Ball 2-1: Reached on error, E5 (Groundball, 56, EV 77.5 MPH)
|
|
Batting: RHB Fred Andrews
|
0-0: Called Strike 0-1: Ball 1-1: Foul Ball, location: 2F 1-2: Ball 2-2: Fly out, F9 (Flyball, 89M, EV 90.0 MPH)
|
| Bottom of the 7th over - 0 runs, 0 hits, 1 error, 1 left on base; Minnesota 8 - Oakland 3 |
| TOP OF THE 8TH |
|
Minnesota Twins batting - Pitching for Oakland Athletics : LHP Bob Knepper
|
|
Batting: RHB Chet Lemon
|
0-0: Swinging Strike 0-1: Foul Ball, location: 2F 0-2: Strikes out swinging
|
|
Batting: LHB Lloyd Moseby
|
0-0: Ball 1-0: Ball 2-0: SINGLE (Groundball, 34D, EV 105.0 MPH) (infield hit)
|
|
Batting: SHB Jerry Mumphrey
|
0-0: Foul Ball, location: 2F 0-1: Foul Ball, location: 2F 0-2: Ball Wild Pitch! Lloyd Moseby to second 1-2: Strikes out swinging, 2-3 out at first.
|
|
Pitching: LHP Gerald Tyler
|
|
|
Batting: RHB Brook Jacoby
|
0-0: Called Strike 0-1: Ball 1-1: Foul Ball, location: 2F 1-2: Strikes out swinging
|
| Top of the 8th over - 0 runs, 1 hit, 0 errors, 1 left on base; Minnesota 8 - Oakland 3 |
| BOTTOM OF THE 8TH |
|
Oakland Athletics batting - Pitching for Minnesota Twins : RHP Marcos Ortega
|
|
Pitching: RHP Mark Fidrych
|
|
|
Batting: RHB Willie Randolph
|
0-0: Foul Ball, location: 2F 0-1: Foul Ball, location: 2F 0-2: Ground out 6-3 (Groundball, 6D, EV 102.5 MPH)
|
|
Batting: LHB Ruppert Jones
|
0-0: Called Strike 0-1: Ball 1-1: Fly out, F9 (Line Drive, 9, EV 89.4 MPH)
|
|
Batting: LHB Ben Oglivie
|
0-0: Foul Ball, location: 2F 0-1: Foul Ball, location: 2F 0-2: Ball 1-2: Foul Ball, location: 2F 1-2: Fly out, F4 (Flyball, 3D, EV 90.6 MPH)
|
| Bottom of the 8th over - 0 runs, 0 hits, 0 errors, 0 left on base; Minnesota 8 - Oakland 3 |
| TOP OF THE 9TH |
|
Minnesota Twins batting - Pitching for Oakland Athletics : LHP Gerald Tyler
|
|
Batting: LHB Ken Oberkfell
|
0-0: Called Strike 0-1: Ground out 6-3 (Groundball, 56, EV 86.3 MPH)
|
|
Batting: LHB Eloy Escobedo
|
0-0: Ball 1-0: Ground out 4-3 (Groundball, 34D, EV 103.8 MPH)
|
|
Batting: RHB Lee Lacy
|
0-0: Ball 1-0: Called Strike 1-1: Swinging Strike 1-2: Ball 2-2: Fly out, F7 (Flyball, 78M, EV 76.3 MPH)
|
| Top of the 9th over - 0 runs, 0 hits, 0 errors, 0 left on base; Minnesota 8 - Oakland 3 |
| BOTTOM OF THE 9TH |
|
Oakland Athletics batting - Pitching for Minnesota Twins : RHP Mark Fidrych
|
|
Batting: RHB George Hendrick
|
0-0: Foul Ball, location: 2F 0-1: Foul Ball, location: 2F 0-2: Ball 1-2: Ground out 6-3 (Groundball, 6, EV 86.9 MPH)
|
|
Batting: LHB Reggie Jackson
|
0-0: Called Strike 0-1: Foul Ball, location: 2F 0-2: Ball 1-2: Strikes out swinging
|
|
Batting: RHB Willie Darkis
|
0-0: SOLO HOME RUN (Line Drive, 78XD, EV 96.9 MPH), Distance : 424 ft
|
|
Batting: RHB Toby Harrah
|
0-0: Fly out, F9 (Flyball, 9LM, EV 78.1 MPH)
|
| Bottom of the 9th over - 1 run, 1 hit, 0 errors, 0 left on base; Minnesota 8 - Oakland 4 |
|